Cogmind - Beta 16.1 @@@ ROGUE MODE // 2026.05.03 @ 16:43:53 Player: KURIIRI Result: Self-destructed Performance ------------- Evolutions (0) 0 Regions Visited (3) 600 Robots Destroyed (50) 250 Value Destroyed (1267) 1267 Prototype IDs (2) 40 Alien Tech Used (0) 0 Bonus (-12) -12 TOTAL SCORE: 2145 Bonus ------- Friendly Fire -12 Cogmind --------- Core Integrity 12/250 Matter 223/300 Energy 250/250 System Corruption 0% Temperature Cool (0) Movement Rolling (145) Ox3 Location -7/Recycling Parts ------- > --- POWER (1) -------- Ion Engine > --- PROPULSION (2) --- Light Treads Compact Wheel > --- UTILITY (2) ------ High-capacity Storage Unit Subdweller Optics > --- WEAPON (2) ------- Subdweller Beam Cannon Subdweller Shrapnel Launcher > --- INVENTORY (20) --- Subdweller Power Source Subdweller Power Source Subdweller Monowheel Subdweller Monowheel Salvaging Laser SUBCON Basin (Full) Peak State ------------ > --- POWER ------------ Ion Engine > --- PROPULSION ------- Light Treads Compact Wheel > --- UTILITY ---------- High-capacity Storage Unit Subdweller Optics > --- WEAPON ----------- Subdweller Beam Cannon Subdweller Shrapnel Launcher > --- INVENTORY -------- Subdweller Power Source Subdweller Power Source Subdweller Monowheel Subdweller Monowheel Salvaging Laser SUBCON Basin [Rating: 28] Favorites ----------- Power Ion Engine Engine Ion Engine Propulsion Light Treads Treads Light Treads Leg Aluminum Leg Wheel Subdweller Monowheel Utility Large Storage Unit Device Tractor Beam Storage Large Storage Unit Protection Scrap Shield Weapon Grenade Launcher Energy Gun Subdweller Laser Energy Cannon Subdweller Beam Cannon Ballistic Gun Subdweller Machine Gun Launcher Grenade Launcher Impact Weapon Hammer Build | -11 -10 -10 -7 ------- Run | Yrd Mat Sub Rec Slots Evolved . | . . . . Power . | . . . . Propulsion . | . . . . Utility . | . . . . Weapon . | . . . . Parts Attached 26 | 3 9 14 . Power 1 | . . 1 . Engine 1 | . . 1 . Core . | . . . . Reactor . | . . . . Propulsion 5 | 2 1 2 . Treads 2 | 2 . . . Leg . | . . . . Wheel 3 | . 1 2 . Hover . | . . . . Flight . | . . . . Utility 7 | 1 4 2 . Device 3 | 1 1 1 . Storage 3 | . 3 . . Processor . | . . . . Hackware . | . . . . Protection 1 | . . 1 . Artifact . | . . . . Weapon 13 | . 4 9 . Energy Gun 4 | . 1 3 . Energy Cannon 1 | . . 1 . Ballistic Gun 3 | . 1 2 . Ballistic Cannon . | . . . . Launcher 4 | . 2 2 . Special Weapon . | . . . . Impact Weapon 1 | . . 1 . Slashing Weapon . | . . . . Piercing Weapon . | . . . . Special Melee Weapon . | . . . . Unidentified Prototypes . | . . . . Parts Lost 6 | . 2 4 . Power 1 | . . 1 . Propulsion 2 | . . 2 . Utility 2 | . 1 1 . Weapon 1 | . 1 . . Highest Loss Streak 2 | . 2 1 . To Critical Strikes . | . . . . Average Backups 9 | 5 10 9 5 Power 1 | 1 1 . 2 Propulsion 2 | 3 2 2 2 Utility 2 | . 5 2 . Weapon 3 | 1 1 3 1 Tool/Special . | . . . . Unused Backups 13 | . 2 8 3 Power 5 | . 1 2 2 Propulsion 3 | . . 2 1 Utility 4 | . . 4 . Weapon 1 | . 1 . . Tool/Special . | . . . . Average Slot Usage (%) 92 | . 98 90 100 Engine 13 | . 14 12 14 Treads 17 | . 13 18 14 Wheel 10 | . 14 8 14 Device 8 | . 13 6 14 Storage 10 | . 14 9 14 Protection 3 | . . 4 . Energy Gun 5 | . 1 7 . Energy Cannon 5 | . . 7 14 Ballistic Gun 6 | . 10 6 . Launcher 8 | . 16 5 14 Impact Weapon 1 | . . 1 . Peak Build Rating 28 | 9 9 28 28 Average Rating 9 | 6 7 10 28 On Entrance 12 | 6 9 8 28 Avg Prop Armor Cover (%) 9 | . 10 8 . Naked Turns . | . . . . Heaviest Build 63 | 14 48 63 63 Greatest Support 40 | 40 20 40 16 Greatest Overweight (x) 4 | . 4 3 3 Average Overweight (x) 1 | . 1 1 3 Largest Inventory Capacity 20 | 8 20 20 20 Average Capacity 12 | 8 13 12 20 Most Carried 20 | 6 13 20 20 Average Carried 10 | 5 10 10 20 Final Capacity 20 | 8 15 20 20 Final Carried 20 | 4 13 20 20 Class Distribution -------------------- 76% | Mutant 23% | Subdweller-Mutant Dominant Class ---------------- Mutant | -10/Materials Mutant | -10/Subcaves Mutant | -7/Recycling Resources | -11 -10 -10 -7 ----------- Run | Yrd Mat Sub Rec Matter Collected 2019 | 218 1022 779 . Remotely 1369 | . 814 555 . Salvage Created 1619 | 119 883 617 . Parts 110 | 5 55 50 . Haulers Intercepted 2 | . 2 . . Recyclers Shooed 5 | . 5 . . Parts Field Recycled . | . . . . Retrieved Matter . | . . . . Parts Self-Destructed 16 | . . 16 . Prevented . | . . . . Parts Restored . | . . . . Kills | -11 -10 -10 -7 ------- Run | Yrd Mat Sub Rec Combat Hostiles Destroyed 34 | . 15 19 . Guns 12 | . 10 2 . Cannons 1 | . . 1 . AOE 20 | . 5 15 . Classes Destroyed 11 | 2 6 3 . Worker 3 | . 3 . . Tunneler 2 | 1 1 . . Hauler 2 | . 2 . . Recycler 4 | 1 3 . . Operator 2 | . 2 . . Turret 2 | . . 2 . Watcher 1 | . 1 . . Swarmer 9 | . 3 6 . Grunt 12 | . 12 . . Artisan 2 | . . 2 . Subdweller 13 | . . 13 . Best Kill Streak 8 | 2 8 4 . Combat Bots Only 5 | . 5 4 . Max Kills in Single Turn 4 | 1 3 4 . Gunslinging . | . . . . Exploded 4 | . 1 4 . Melee . | . . . . Uniques/NPCs Destroyed . | . . . . Combat | -11 -10 -10 -7 -------- Run | Yrd Mat Sub Rec Hostile Shots Fired 107 | . 50 57 . Missed 35 | . 16 19 . Hits 72 | . 34 38 . Projectile 72 | . 34 38 . Critical Strikes 3 | . . 3 . Damage Taken 1215 | . 452 763 . Core 238 | . 96 142 . Absorbed by Shields . | . . . . Regen/Repaired (Parts) 113 | . 113 . . Core Remaining (%) 100 | 100 . . . Volleys Fired 191 | 8 67 116 . Largest 2 | 2 2 2 . Hottest 120 | 60 60 120 . Shots Fired 290 | 16 127 147 . Gun 202 | 16 99 87 . Cannon 35 | . . 35 . Launcher 53 | . 28 25 . Special . | . . . . Kinetic 131 | 8 87 36 . Thermal 88 | . . 88 . Explosive 50 | . 28 22 . Electromagnetic 21 | 8 12 1 . Robot Hit Streak 27 | 4 14 27 . Robot Miss Streak 3 | 2 3 2 . Penetration Max . | . . . . Secondary Targets 2 | . 2 . . Max Gunslinging Chain 1 | . 1 . . Shots Hit Robots 162 | 9 80 73 . Core Hits 103 | 3 55 45 . Critical Kills 1 | . . 1 . Critical Parts Destroyed . | . . . . Critical Strikes 2 | . . 2 . Meltdown 1 | . . 1 . Destroy 1 | . . 1 . Melee Attacks 30 | . . 30 . Impact 30 | . . 30 . Slashing . | . . . . Piercing . | . . . . Sneak Attacks . | . . . . Combat Hostiles . | . . . . Follow-up Attacks . | . . . . Damage Inflicted 3822 | 105 1419 2298 . Guns 1375 | 105 653 617 . Cannons 157 | . . 157 . Explosions 2282 | . 758 1524 . Melee . | . . . . Ramming 8 | . 8 . . Kinetic 1190 | 24 556 610 . Thermal 498 | . . 498 . Explosive 1948 | . 758 1190 . Electromagnetic 178 | 81 97 . . Impact . | . . . . Slashing . | . . . . Piercing . | . . . . Highest Corruption . | . . . . Average Corruption . | . . . . Corruption Purged . | . . . . Corruption Blocked . | . . . . Overload Shots . | . . . . Overflow Damage 88 | . 48 40 . Projectiles . | . . . . Explosions 88 | . 48 40 . Melee . | . . . . Knockbacks . | . . . . Impact . | . . . . Kinetic . | . . . . Secondary . | . . . . Self-Inflicted Damage 100 | . 18 82 . Shots 4 | . 1 3 . Rammed 3 | . 3 . . Targets Rammed 3 | . 3 . . Kicked . | . . . . Crushed . | . . . . Highest Temperature 67 | 40 67 18 . Average Temperature 20 | 21 20 12 . Received Heat Transfer 327 | . 198 129 . Siege Activations . | . . . . Martial Activations . | . . . . Shielding Activations . | . . . . Robots Disrupted . | . . . . Combat Hostiles . | . . . . Robots Corrupted . | . . . . Combat Hostiles . | . . . . Parts Fried 1 | 1 . . . Impact Corruptions . | . . . . Robots Melted 1 | . . 1 . Combat Hostiles 1 | . . 1 . Parts Melted 2 | . . 2 . Heat Transferred 1147 | . . 1147 . Parts Sabotaged . | . . . . Parts Stolen . | . . . . Parts Stripped . | . . . . Power Chain Reactions . | . . . . Alert | -11 -10 -10 -7 ------- Run | Yrd Mat Sub Rec Maximum Alert Level 1 | . 1 . . Low Security (%) 50 | 100 48 . 100 Level 1 49 | . 51 . . Level 2 . | . . . . Level 3 . | . . . . Level 4 . | . . . . Level 5 . | . . . . High Security . | . . . . Max Security . | . . . . Peak Influence 320 | 5 320 . 16 Initial 16 | . . . 16 Average 155 | 2 162 . 16 Influence Increases 939 | 10 729 200 . Destroy 0b10 Robot/C 460 | . 300 160 . Destroy 0b10 Robot/NC 70 | 10 60 . . Destroy Leader 96 | . 86 10 . Successful Hack 8 | . 8 . . Select Force Hacks 60 | . 60 . . Disable Machine 105 | . 105 . . Destroy Structure 110 | . 110 . . Lose Combat Pursuer 30 | . . 30 . Influence Decreases 923 | 10 465 429 19 Entered New Map 147 | . . 128 19 Time Decay 746 | 10 445 291 . Lost Part 30 | . 20 10 . Squads Dispatched 5 | . 5 . . Investigation 3 | . 3 . . Extermination . | . . . . Reinforcement 2 | . 2 . . Assault . | . . . . Garrison . | . . . . Intercept . | . . . . Searches Triggered . | . . . . Construction Impeded . | . . . . Haulers Reinforced . | . . . . Active Scanning Responses . | . . . . Cargo Convoy Interrupts . | . . . . Stealth | -11 -10 -10 -7 --------- Run | Yrd Mat Sub Rec Distress Signals 2 | . 2 . . Communications Jammed . | . . . . Distress Signals . | . . . . Times Spotted 41 | . 18 23 . Peak Tracking Total 4 | . 4 4 . Tactical Retreats 1 | . . 1 . Traps | -11 -10 -10 -7 ------- Run | Yrd Mat Sub Rec Traps Triggered 2 | . 2 . . Indirectly . | . . . . Trap Hack Attempts . | . . . . Triggered . | . . . . Disarmed . | . . . . Reprogrammed . | . . . . Reused . | . . . . Traps Extracted . | . . . . Installed . | . . . . Triggered . | . . . . Machines | -11 -10 -10 -7 ---------- Run | Yrd Mat Sub Rec Machines Disabled 11 | . 7 4 . Max in Single Turn 4 | . 2 4 . Machines Repaired . | . . . . Machines Dismantled . | . . . . Machines Sabotaged . | . . . . Overloaded Fab Kills . | . . . . Hacking | -11 -10 -10 -7 --------- Run | Yrd Mat Sub Rec Machines Accessed 13 | . 9 3 1 Terminals 6 | . 6 . . Fabricators . | . . . . Repair Stations 1 | . 1 . . Recycling Units 3 | . 2 . 1 Scanalyzers . | . . . . Garrison Access . | . . . . Total Hacks 25 | . 18 6 1 Successful 13 | . 7 6 . Failed 11 | . 10 . 1 Catastrophic 1 | . 1 . . Database Lockouts 1 | . 1 . . Manual 12 | . 11 . 1 Terminals 13 | . 13 . . Fabricators . | . . . . Repair Stations 2 | . 2 . . Recycling Units 4 | . 3 . 1 Scanalyzers . | . . . . Garrison Access . | . . . . Terminal Hacks 8 | . 2 6 . Record 4 | . . 4 . Robot Analysis 1 | . 1 . . Prototype ID Bank 1 | . 1 . . Open Door 1 | . . 1 . Release Object 1 | . . 1 . Fabricator Hacks . | . . . . Repair Station Hacks 2 | . 2 . . Scan Component 1 | . 1 . . Repair 1 | . 1 . . Recycling Unit Hacks 1 | . 1 . . Retrieve Components 1 | . 1 . . Scanalyzer . | . . . . Garrison Access Hacks . | . . . . Unauthorized Hacks 2 | . 2 . . Terminals . | . . . . Fabricators . | . . . . Repair Stations . | . . . . Recycling Units 2 | . 2 . . Tunnel 2 | . 2 . . Scanalyzers . | . . . . Garrison Access . | . . . . Data Cores Recovered . | . . . . Used . | . . . . Hacking Detections 7 | . 7 . . Full Trace Events . | . . . . Feedback Events . | . . . . Feedback Blocked . | . . . . Robot Schematics Acquired . | . . . . Robots Built . | . . . . Authchips . | . . . . Time . | . . . . Total Robot Build Rating . | . . . . Part Schematics Acquired . | . . . . Parts Built . | . . . . Authchips . | . . . . Time . | . . . . Total Part Build Rating . | . . . . Part Studies Acquired . | . . . . Parts Repaired 1 | . 1 . . Time 26 | . 26 . . Parts Recycled . | . . . . Recycled Matter . | . . . . Retrieved Matter . | . . . . Retrieved Components 10 | . 10 . . Parts Scanalyzed . | . . . . Part Schematics Acquired . | . . . . Parts Damaged . | . . . . Bothacking | -11 -10 -10 -7 ------------ Run | Yrd Mat Sub Rec Used RIF Installer . | . . . . Robots Hacked . | . . . . Non-combat . | . . . . Combat . | . . . . Robot Hacks Applied . | . . . . Relay Couplers Released . | . . . . Fabnet Peak Effective % . | . . . . Robots Rewired . | . . . . Allies Hacked . | . . . . Hacks Repelled . | . . . . Allies | -11 -10 -10 -7 -------- Run | Yrd Mat Sub Rec Total Allies . | . . . . Largest Group . | . . . . Highest-Rated Group . | . . . . Highest-Rated Ally . | . . . . Total Orders . | . . . . Ally Attacks . | . . . . Total Damage . | . . . . Kills . | . . . . Allies Corrupted . | . . . . Allies Melted . | . . . . Intel | -11 -10 -10 -7 ------- Run | Yrd Mat Sub Rec Active Infowar (turns) 96 | 18 72 3 3 Optics 6 | . . 3 3 Terrain 90 | 18 72 . . Robot Analysis Total 1 | . 1 . . Derelict Logs Recovered 2 | . . 2 . Drone Launches . | . . . . Drone Recoveries . | . . . . Exploration | -11 -10 -10 -7 ------------- Run | Yrd Mat Sub Rec Turns Passed 6190 | 55 1435 4697 3 Spaces Moved 3135 | 24 727 2382 2 Core . | . . . . Treads 1427 | 1 130 1296 . Legs 23 | 23 . . . Wheels 1685 | . 597 1086 2 Hover . | . . . . Flight . | . . . . Fastest Speed 95 | 120 95 110 145 Average Speed 155 | 121 133 162 145 Slowest Speed 400 | 160 240 400 145 Overloaded Moves . | . . . . Propulsion Burnouts . | . . . . Robots Hopped . | . . . . Potential Cave-ins . | . . . . Cave-ins Triggered . | . . . . Exploration Rate (%) 43 | 3 98 69 3 Regions Visited 3 Branch Regions 2 Pre-discovered Areas 4 | . 2 2 . Known Exits Taken . | . . . . Unknown Exits Taken 3 | 1 1 1 . Scrap Searched . | . . . . Spaces Dug 23 | . 3 20 . Terrain Destroyed 279 | . 155 124 . Melee 7 | . . 7 . Projectile 8 | . . 8 . AOE 264 | . 155 109 . Terrain Rammed . | . . . . Walls Destroyed . | . . . . Machines Disabled . | . . . . Actions | -11 -10 -10 -7 --------- Run | Yrd Mat Sub Rec Total 4123 | 36 1075 3010 2 Wait 671 | . 253 418 . Move 3132 | 23 726 2381 2 Hop . | . . . . Pick Up 21 | . 11 10 . Fast Attach 11 | 1 2 8 . Attach 6 | 2 1 3 . Detach 2 | . . 2 . Swap 37 | . 9 28 . Drop 19 | 2 3 14 . Fire 191 | 8 67 116 . Melee 30 | . . 30 . Ram 3 | . 3 . . Kick . | . . . . Crush . | . . . . Escape Stasis . | . . . . Rewire . | . . . . Trap . | . . . . Miscellaneous . | . . . . Route ------- -11/Scrapyard -10/Materials (discovered 6 exits: [*Mat x3] / [*Min x2] / *Sub) -10/Subcaves (discovered 5 exits: [*Mat x2] / *Rec / [*Scr x2]) -7/Recycling History --------- Turn | Location | Event 24 | -11/Scrapyard | Discovered new exit (range 3) 56 | -11/Scrapyard | Entered Materials 57 | -10/Materials | Met a group of wandering Federalists 154 | -10/Materials | Discovered new exit (range 8) 249 | -10/Materials | Discovered new exit (range 6) 336 | -10/Materials | Build established: Mutant 344 | -10/Materials | Discovered new exit (range 9) 564 | -10/Materials | Central database locked down 653 | -10/Materials | Discovered new exit (range 16) 765 | -10/Materials | Discovered new exit (range 11) 928 | -10/Materials | Repaired Lgt. Treads 1000 | -10/Materials | Discovered new exit (range 9) 1491 | -10/Materials | Entered Subcaves 1492 | -10/Subcaves | Continued accompanying wandering Federalists (6) 1492 | -10/Subcaves | Approached by a straggling Scientist 1507 | -10/Subcaves | Discovered new exit (range 16) 1687 | -10/Subcaves | Learned location of Zion (-6) 1687 | -10/Subcaves | Met a Zionite searching for "candidates" 1749 | -10/Subcaves | Wandering Federalist uncovered a shortcut to Scraptown 2034 | -10/Subcaves | Shifting Twisted Machinery released Sub. Power Source 2062 | -10/Subcaves | Shifting Twisted Machinery released Battle Rifle 2156 | -10/Subcaves | Ambushed by Subdwellers from Twisted Machinery 2160 | -10/Subcaves | Core integrity fell below 50% 2241 | -10/Subcaves | Shifting Twisted Machinery released Sub. Power Source 2261 | -10/Subcaves | Shifting Twisted Machinery released Sub. Shrapnel Launcher 3380 | -10/Subcaves | Ambushed by angry Subdweller bent on revenge 3438 | -10/Subcaves | Scientist uncovered a shortcut to Scraptown 3452 | -10/Subcaves | Shifting Twisted Machinery released Battle Rifle 3469 | -10/Subcaves | Shifting Twisted Machinery released Battle Rifle 3615 | -10/Subcaves | Core integrity fell below 20% 3869 | -10/Subcaves | A swath of the cavern ceiling suddenly collapsed 4079 | -10/Subcaves | Discovered new exit (range 7) 4109 | -10/Subcaves | Visited Clippyterm 4113 | -10/Subcaves | Learned Factory fabricator intel 4113 | -10/Subcaves | Learned 40 Factory zone layouts 4660 | -10/Subcaves | Build established: Subdweller-Mutant 5767 | -10/Subcaves | Discovered new exit (range 16) 5949 | -10/Subcaves | Learned location of Storage (-7) 5954 | -10/Subcaves | Found SUBCON Basin 6126 | -10/Subcaves | Build established: Mutant 6188 | -10/Subcaves | Entered Recycling 6191 | -7/Recycling | Self-destructed Last Messages --------------- 05949_ Acquired derelict log, extracted data. World map updated: -7/Storage. 05954_ Connecting with SUBCON Basin Controls... >>Release Inventory Accessing inventory controls... Collection purity confirmed 100%... Ejecting SUBCON Basin... Delivery behind schedule, handle with care! 05954_ Dropped Scrap Shield. 05954_ Acquired SUBCON Basin. 05971_ Dropped Grenade Launcher. 05972_ Dropped Hammer. 06027_ Acquired Sub. Monowheel. 06040_ Acquired Sub. Power Source. 06185_ Acquired Sub. Optics. 06187_ Acquired 46 matter. LOCATION=UNKNOWN GOAL=ESCAPE 06191_ Connecting with Recycling Unit... 06191_ Current location identified: Recycling Map ----- +----------------------------------------------------+ | ????????????????????????????????????? | | ????????????????????????????????????? | | ????????????????????????????????????? | | ????????????????????????????????????? | | ????????????????????????????????????? | | ?????????? ???????????????????????? | | ????????? ???????????????????????? | | ????????? ???????????????????????? | | ????????? ???????????????????????? | | ?????????# ???????????????????????? | | ?????????# #??????????????????????? | | ?????????# #??????????????????????? | | ?????????# #??????????????????????? | | ?????????# #??????????????????????? | | ?????????# #??????????????????????? | | ?????????# #??????????????????????? | | ?????????# #??????????????????????? | | ?????????# "??????????????????????? | | ?????????# Y??????????????????????? | | ?????????# "??????????????????????? | | ?????????# #??????????????????????? | | ?????????# #??????????????????????? | | ?????????# #??????????????????????? | | ?????????+ ###????????????????????? | | ?????????# ""#????????????????????? | | ?????????# @Y"#????????????????????? | | ?????????# ""#????????????????????? | | ?????????# ###????????????????????? | | ?????????# #??????????????????????? | | ?????????#####??????????????????????? | | ????????????????????????????????????? | | ????????????????????????????????????? | | ????????????????????????????????????? | | ????????????????????????????????????? | | ????????????????????????????????????? | | ????????????????????????????????????? | | ????????????????????????????????????? | | ????????????????????????????????????? | | ????????????????????????????????????? | | ????????????????????????????????????? | | ????????????????????????????????????? | | | | | | | | | | | | | | | | | | | +----------------------------------------------------+ Best States ------------- Heat Dissipation 25 Energy Generation 10 Energy Capacity 250 Matter Stores 300 Matter Capacity 300 Sight Range 21 Terrain Scan Range 16 Terrain Scan Density 10 Armor Coverage 800 Evasion (%) 55 Recoil Reduction 2 Item Schematics ----------------- None Robot Schematics ------------------ None Fabricated ------------ Nothing Repaired ---------- Lgt. Treads | 19% | -10/Materials Studied --------- None Alien Tech Used ----------------- None Achievements -------------- None Challenges ------------ None Game ------ Seed PartitionThermalGriptreads Manual? 0 Play Time 00:24:41 Cumulative 441.1 hours Start 2026.05.03 @ 16:18:38 End 2026.05.03 @ 16:43:53 Sessions 1 Manual Loads 0 Difficulty Rogue Special Mode None Game No. 377 Rogue 341 Adventurer 36 Explorer 0 Win Type - Total 5 Types 2/0/0/1/0/0/0/2/0/0 Lore% 81 Gallery% 69 Achievement% 60 Wizard Run 0 Options --------- Layout 1 ASCII 0 Keyboard 0 Movement Numpad Keybinds 0 Fullscreen 1 Font 48/Smallcaps Map View 50x35 Zoom Use 0% Tactical HUD 1 Map Filters NONE Filters NONE Steam 1 RUN: c6aae4cd-10db-47a0-96c6-755c4bfc36e9